[Event "Titled Tuesday Blitz August 1 Early 2023"]
[White "only_strong_moves"]
[Black "D`Arruda, Ricardo D."]
[BlackFideId "100692"]
[WhiteElo "2690"]
[BlackElo "2473"]
[Result "1-0"]
[Round "5"]
[TimeControl "180+1"]
[Date "2023.08.01"]
[WhiteClock "0:01:01"]
[BlackClock "0:00:33"]
[Board "101"]

1. d4 Nf6 2. Nc3 d5 3. Bf4 c6 4. e3 g6 5. Nf3 Bg7 6. Ne5 Nbd7 7. h4 O-O 8. h5 Nxh5 9. Rxh5 gxh5 10. Qxh5 Nxe5 11. dxe5 f5 12. Bd3 Qe8 13. Qh2 h5 14. Be2 Qg6 15. Bxh5 Qh7 16. O-O-O Be6 17. Rh1 Kh8 18. Qg1 Kg8 19. Bf7+ Bxf7 20. Rxh7 Kxh7 21. Ne2 Rh8 22. g4 fxg4 23. Qxg4 e6 24. Nd4 Rae8 25. Nf3 Kg8 26. Nh4 Rh5 27. Kd2 Kh7 28. Nf3 Kg8 29. Ng5 Rh1 30. Nxf7 Kxf7 31. Bg5 Reh8 32. Qf4+ Ke8 33. Qb4 R8h2 34. Qe7# 1-0


[Site "https://www.chess.com"]

[Event "Titled Tuesday Blitz August 1 Early 2023"]
[White "Gunina, Valentina"]
[Black "Ronka, Erik"]
[WhiteFideId "4167570"]
[BlackFideId "505080"]
[WhiteElo "2687"]
[BlackElo "2471"]
[Result "1-0"]
[Round "5"]
[TimeControl "180+1"]
[Date "2023.08.01"]
[WhiteClock "0:00:46"]
[BlackClock "0:00:01"]
[Board "102"]

1. d4 d5 2. c4 c6 3. Nc3 Nf6 4. e3 e6 5. Nf3 Nbd7 6. Be2 dxc4 7. a4 Bd6 8. Nd2 O-O 9. Nxc4 Bc7 10. a5 e5 11. O-O exd4 12. exd4 Re8 13. Bg5 Nf8 14. Ne5 Be6 15. Bd3 Ng6 16. Bxg6 hxg6 17. a6 bxa6 18. Re1 Qd6 19. Rxa6 Qb4 20. Rxc6 Bb6 21. d5 Bf5 22. Bxf6 gxf6 23. Rxf6 Qxb2 24. Rxf5 Qxc3 25. Rf3 Qb4 26. g3 Rad8 27. Re2 Qb5 28. Rd3 Bc7 29. Nc6 Rd7 30. Rxe8+ Kg7 31. Qa1+ f6 32. Rde3 Qxd5 33. R3e7+ Rxe7 34. Rxe7+ Kh6 35. Rxc7 1-0


[Site "https://www.chess.com"]

[Event "Titled Tuesday Blitz August 1 Early 2023"]
[White "Sokolovsky, Yahli"]
[Black "Yashmetov, Mikhail"]
[WhiteFideId "2820242"]
[BlackFideId "24198900"]
[WhiteElo "2686"]
[BlackElo "2467"]
[Result "1-0"]
[Round "5"]
[TimeControl "180+1"]
[Date "2023.08.01"]
[WhiteClock "0:01:11"]
[BlackClock "0:00:01"]
[Board "103"]

1. b3 e5 2. Bb2 Nc6 3. e3 Nf6 4. Nf3 Bd6 5. d4 exd4 6. exd4 O-O 7. Be2 b6 8. O-O Bb7 9. d5 Ne7 10. Bxf6 gxf6 11. c4 Ng6 12. Bd3 f5 13. Bxf5 Qf6 14. Qc2 Rfe8 15. Nc3 Re7 16. Rae1 Rae8 17. Bxd7 Rxe1 18. Nxe1 Re5 19. Nf3 Rh5 20. Ne4 Qf4 21. Nxd6 Qxd6 22. Bg4 Rh6 23. Qf5 Ne7 24. Qd7 Kg7 25. Re1 Qxd7 26. Bxd7 Kf8 27. Ng5 Rh5 28. f4 Bc8 29. Rxe7 Kxe7 30. Bxc8 Rh6 31. Ne4 Rg6 32. Bf5 Rg7 33. g4 h6 34. Kf2 f6 35. h4 Rg8 36. h5 a5 37. Be6 Ra8 38. Ng3 a4 39. Nf5+ Kf8 40. b4 b5 41. c5 a3 42. d6 cxd6 43. c6 Ra7 44. Nxd6 Rc7 45. Bd7 Ke7 46. Nxb5 Rxd7 47. cxd7 Kxd7 48. Nxa3 1-0


[Site "https://www.chess.com"]

[Event "Titled Tuesday Blitz August 1 Early 2023"]
[White "Voege, Tobias"]
[Black "Mmukka"]
[WhiteFideId "1270513"]
[WhiteElo "2665"]
[BlackElo "2466"]
[Result "0-1"]
[Round "5"]
[TimeControl "180+1"]
[Date "2023.08.01"]
[WhiteClock "0:00:00"]
[BlackClock "0:00:05"]
[Board "104"]

1. e4 c5 2. Nf3 e6 3. d4 cxd4 4. Nxd4 a6 5. c4 Nf6 6. Nc3 Qc7 7. Bd3 Nc6 8. Nc2 Bd6 9. g3 h5 10. O-O h4 11. f4 Bc5+ 12. Kg2 h3+ 13. Kh1 d6 14. Be3 Bxe3 15. Nxe3 b6 16. Be2 Bb7 17. Bf3 Nd7 18. Qd2 g5 19. Rad1 gxf4 20. gxf4 O-O-O 21. Qxd6 Qxd6 22. Rxd6 Nc5 23. Rfd1 Rxd6 24. Rxd6 Kc7 25. Rd1 Ne7 26. Kg1 f5 27. Kf2 fxe4 28. Bg4 Nd3+ 29. Kg3 Nf5+ 30. Nxf5 exf5 31. Bxf5 Nxb2 32. Nd5+ Kb8 33. Rd4 Nxc4 34. Bxe4 Nd6 35. Kf3 Re8 36. Nf6 Bxe4+ 37. Nxe4 Nb5 38. Rd7 Nc7 39. Nd6 Rf8 40. f5 b5 41. Kg4 a5 0-1


[Site "https://www.chess.com"]

[Event "Titled Tuesday Blitz August 1 Early 2023"]
[White "Romero Pallares, Daniel"]
[Black "Itgelt, Khuyagtsogt"]
[WhiteFideId "32025637"]
[BlackFideId "4902912"]
[WhiteElo "2465"]
[BlackElo "2651"]
[Result "0-1"]
[Round "5"]
[TimeControl "180+1"]
[Date "2023.08.01"]
[WhiteClock "0:00:04"]
[BlackClock "0:00:12"]
[Board "105"]

1. e4 e6 2. Qe2 Be7 3. Nf3 d5 4. d3 Nc6 5. Nbd2 Bf6 6. c3 e5 7. g3 dxe4 8. dxe4 h5 9. h4 Nh6 10. Bg2 Ng4 11. O-O Be6 12. Nc4 O-O 13. Bg5 Qe7 14. Ne3 Rad8 15. Rfd1 Nxe3 16. fxe3 Bg4 17. Bxf6 Qxf6 18. Rf1 Qh6 19. Qe1 Rd3 20. Kf2 Rfd8 21. Qe2 Qd6 22. Kg1 a6 23. Rae1 b5 24. Qf2 f6 25. Nh2 Rd2 26. Nxg4 Rxf2 27. Nxf2 Qe6 28. b3 Qe7 29. Rd1 Qc5 30. Rxd8+ Nxd8 31. Nd1 Nf7 32. Rf2 Nd6 33. Rd2 Qa3 34. Nf2 Qc1+ 35. Rd1 Qxc3 36. Rd3 Qe1+ 37. Bf1 Kf8 38. Kg2 Ke7 39. Kg1 c5 40. Kg2 g6 41. Rd5 Qxe3 42. Rd3 Qe1 43. Rd1 Qb4 44. Be2 Nxe4 45. Nxe4 Qxe4+ 46. Bf3 Qc2+ 47. Kf1 e4 48. Be2 f5 49. Rd5 Ke6 50. Rd8 Qb1+ 51. Kf2 Qxa2 52. Re8+ Kd5 53. Rc8 Qxb3 54. Rd8+ Ke5 55. Re8+ Kd4 56. Rd8+ Kc3 57. Rc8 c4 58. Ke3 a5 0-1


[Site "https://www.chess.com"]

[Event "Titled Tuesday Blitz August 1 Early 2023"]
[White "benny_aizenberg"]
[Black "favesaul"]
[WhiteElo "2649"]
[BlackElo "2464"]
[Result "1-0"]
[Round "5"]
[TimeControl "180+1"]
[Date "2023.08.01"]
[WhiteClock "0:00:09"]
[BlackClock "0:00:05"]
[Board "106"]

1. c4 Nf6 2. Nc3 c5 3. Nf3 Nc6 4. g3 d5 5. cxd5 Nxd5 6. Bg2 Nc7 7. O-O e5 8. d3 Be7 9. Be3 O-O 10. Rc1 Ne6 11. Nd2 Bd7 12. Nd5 Rc8 13. a3 b6 14. f4 exf4 15. gxf4 Ned4 16. Bxd4 cxd4 17. f5 Bg5 18. f6 g6 19. Rxc6 Bxc6 20. Ne7+ Kh8 21. Nxc6 Be3+ 22. Kh1 Qd6 23. Nc4 Qe6 24. Nxa7 Rc5 25. Qb3 Rh5 26. Qxb6 Qg4 27. Qd6 Rg8 28. Ne5 Rxh2+ 29. Kxh2 Qh4+ 30. Bh3 Bf4+ 31. Rxf4 Qxf4+ 32. Kg2 Qg5+ 33. Bg4 1-0


[Site "https://www.chess.com"]

[Event "Titled Tuesday Blitz August 1 Early 2023"]
[White "Perske, Thore"]
[Black "Arias, Juan Cruz"]
[WhiteFideId "12902195"]
[BlackFideId "118540"]
[WhiteElo "2463"]
[BlackElo "2643"]
[Result "1-0"]
[Round "5"]
[TimeControl "180+1"]
[Date "2023.08.01"]
[WhiteClock "0:00:02"]
[BlackClock "0:00:00"]
[Board "107"]

1. e4 c6 2. d4 d5 3. e5 c5 4. dxc5 e6 5. a3 Bxc5 6. b4 Be7 7. Bb2 f6 8. Nf3 a5 9. b5 Nd7 10. c4 Nxe5 11. Nxe5 fxe5 12. cxd5 Nf6 13. Bxe5 Qxd5 14. Qxd5 exd5 15. Nc3 O-O 16. Bd4 Be6 17. Bd3 Rac8 18. O-O Bc5 19. Ne2 b6 20. a4 Rfe8 21. Rac1 Kf7 22. f3 g6 23. Kf2 Rc7 24. Rc2 Rec8 25. Rfc1 Nd7 26. Ke3 Bd6 27. Rxc7 Rxc7 28. Rxc7 Bxc7 29. f4 Nc5 30. Bc2 Bg4 31. Nc3 Ke6 32. h3 Bf5 33. Bxf5+ gxf5 34. g4 Bd8 35. gxf5+ Kxf5 36. Nxd5 Nxa4 37. Kf3 Ke6 38. Ke4 Kd6 39. Ne3 Nc5+ 40. Kf5 a4 41. Be5+ Kd7 42. Nc4 Ne6 43. Ke4 Nc5+ 44. Kd5 Nd3 45. f5 Nb4+ 46. Ke4 Nc2 47. Bc3 a3 48. Kd3 a2 49. Kxc2 Be7 50. Kb3 Bc5 51. Kxa2 1-0


[Site "https://www.chess.com"]

[Event "Titled Tuesday Blitz August 1 Early 2023"]
[White "Kvaloy, Aksel Bu"]
[Black "Fontaine, Quentin"]
[WhiteFideId "1528815"]
[BlackFideId "230804"]
[WhiteElo "2638"]
[BlackElo "2460"]
[Result "1/2-1/2"]
[Round "5"]
[TimeControl "180+1"]
[Date "2023.08.01"]
[WhiteClock "0:00:14"]
[BlackClock "0:00:14"]
[Board "108"]

1. e4 e5 2. Nc3 Nf6 3. f4 d5 4. fxe5 Nxe4 5. Qf3 f5 6. d3 Nxc3 7. bxc3 Be6 8. d4 Nc6 9. Rb1 Na5 10. Bd3 Qd7 11. Ne2 g6 12. Nf4 c6 13. O-O O-O-O 14. Bd2 Nc4 15. Qe2 Nxd2 16. Qxd2 Bh6 17. Qe2 Bxf4 18. Rxf4 Rdf8 19. Rf2 f4 20. Rbf1 g5 21. Qh5 h6 22. h3 Bf5 23. Bxf5 Qxf5 24. Qg4 Qxg4 25. hxg4 h5 26. gxh5 Rxh5 27. g3 Rh3 28. gxf4 gxf4 29. Rxf4 Rg8+ 30. Kf2 Rxc3 31. e6 Rxc2+ 32. Ke1 Re8 33. Rf8 Kd8 34. Rxe8+ Kxe8 35. Rf7 Rb2 36. a3 a5 37. Kd1 b5 38. Rc7 b4 39. axb4 Rxb4 40. Rxc6 Rxd4+ 41. Kc2 Ke7 42. Kc3 Rb4 43. Ra6 Rb5 44. Kd4 a4 45. Ke5 d4+ 46. Kxd4 a3 47. Rxa3 Kxe6 48. Ra6+ Kd7 49. Kc4 Rb7 50. Rh6 Rc7+ 51. Kd5 Kc8 52. Rh8+ Kb7 53. Kd6 Rc6+ 54. Kd5 Rc7 55. Rh1 Rd7+ 56. Kc5 Rc7+ 57. Kb5 Rd7 58. Rb1 Kc7 59. Kc5 Re7 60. Ra1 Kd7 61. Kd5 Ke8 62. Rf1 Kd7 63. Rf2 Ke8 64. Kd6 Rd7+ 65. Ke6 Re7+ 66. Kd6 Rd7+ 67. Kc6 Re7 68. Rh2 Kf7 69. Kd6 Re6+ 70. Kd5 Rf6 71. Rh7+ Kg6 72. Ra7 Rf5+ 73. Ke4 Rf6 74. Ra8 Rf7 75. Rg8+ Kf6 76. Rg1 Re7+ 77. Kd5 Rd7+ 78. Kc6 Re7 79. Rf1+ Ke6 80. Re1+ Kf6 81. Rg1 Ke6 82. Rf1 Ke5 83. Re1+ Kf6 84. Rd1 Re6+ 85. Kd7 Re5 86. Rf1+ Rf5 87. Rd1 Ke5 88. Kc6 Rf4 89. Rd5+ Ke4 90. Rh5 Rf5 91. Rh4+ Rf4 92. Rh1 Rf6+ 93. Kc5 Rf5+ 94. Kc4 Rf4 95. Re1+ Kf3+ 96. Kd3 Rg4 97. Rf1+ Kg2 1/2-1/2


[Site "https://www.chess.com"]

[Event "Titled Tuesday Blitz August 1 Early 2023"]
[White "Iskusnyh, Sergei"]
[Black "TomLiu777"]
[WhiteFideId "4120027"]
[WhiteElo "2624"]
[BlackElo "2455"]
[Result "1-0"]
[Round "5"]
[TimeControl "180+1"]
[Date "2023.08.01"]
[WhiteClock "0:00:22"]
[BlackClock "0:00:00"]
[Board "109"]

1. d4 Nf6 2. c4 c5 3. d5 e6 4. Nc3 exd5 5. cxd5 d6 6. Nf3 g6 7. Nd2 Bg7 8. e4 O-O 9. Be2 Na6 10. O-O Nc7 11. a4 b6 12. Re1 Re8 13. h3 Ba6 14. Bb5 Bxb5 15. axb5 Qd7 16. Qb3 Nh5 17. Nc4 Bxc3 18. bxc3 Qxb5 19. Qa2 Qd7 20. Bh6 Nf6 21. f3 b5 22. Na5 c4 23. Nc6 a5 24. Qd2 Ne6 25. Nxa5 Nc5 26. Qd4 Nh5 27. g4 Nb3 28. Nxb3 cxb3 29. gxh5 f6 30. Qxf6 Rxa1 31. Rxa1 b2 32. Rb1 Qa7+ 33. Kg2 Qd7 34. c4 bxc4 35. Rxb2 Rc8 36. hxg6 hxg6 37. Kh2 c3 38. Rg2 Qf7 39. Rxg6+ Kh7 40. Qxf7+ 1-0


[Site "https://www.chess.com"]

[Event "Titled Tuesday Blitz August 1 Early 2023"]
[White "Kokoszczynski, Jan"]
[Black "Pham, Le Thao Nguyen"]
[WhiteFideId "1174460"]
[BlackFideId "12401226"]
[WhiteElo "2452"]
[BlackElo "2608"]
[Result "0-1"]
[Round "5"]
[TimeControl "180+1"]
[Date "2023.08.01"]
[WhiteClock "0:00:00"]
[BlackClock "0:00:26"]
[Board "110"]

1. d4 Nf6 2. Nf3 d5 3. Bf4 c6 4. e3 Qb6 5. Qc1 Bf5 6. Nbd2 Nbd7 7. c3 h6 8. h3 e6 9. Be2 Be7 10. O-O O-O 11. Ne5 Rfc8 12. Re1 c5 13. Ndf3 Nf8 14. Bh2 Ne4 15. Nd2 cxd4 16. exd4 Bg5 17. f4 Bh4 18. Rf1 Ng3 19. Bxg3 Bxg3 20. Nb3 a5 21. Qd2 Bh4 22. Nc5 Be7 23. Ncd3 Bd6 24. Bh5 Rc7 25. Rae1 f6 26. Nf3 g6 27. Bg4 Bxd3 28. Qxd3 f5 29. Nh4 fxg4 30. Nxg6 Rg7 31. Nxf8 Bxf8 32. h4 g3 33. f5 exf5 34. Rxf5 Rd8 35. Ref1 Qe6 36. Qf3 Qe7 37. Rxd5 Qxh4 0-1


[Site "https://www.chess.com"]

[Event "Titled Tuesday Blitz August 1 Early 2023"]
[White "Rosh Jain"]
[Black "Piesik, Piotr"]
[WhiteFideId "25789465"]
[BlackFideId "1136194"]
[WhiteElo "2448"]
[BlackElo "2605"]
[Result "1-0"]
[Round "5"]
[TimeControl "180+1"]
[Date "2023.08.01"]
[WhiteClock "0:01:03"]
[BlackClock "0:01:33"]
[Board "111"]

1. e4 g6 2. d4 Bg7 3. c3 d6 4. Nf3 Nd7 5. Bd3 e5 6. O-O Ngf6 7. Be3 O-O 8. Nbd2 a5 9. h3 a4 10. b3 axb3 11. axb3 Rxa1 12. Qxa1 Qe7 13. c4 exd4 14. Bxd4 Nh5 15. Bxg7 Nxg7 16. Nd4 Ne5 17. Bc2 Ne6 18. f4 Nxd4 19. Qxd4 Nc6 20. Qc3 f5 21. b4 Qg7 22. Qxg7+ Kxg7 23. Nf3 Nxb4 24. Bb1 Re8 25. e5 Be6 26. exd6 cxd6 27. Rd1 Rd8 28. c5 d5 29. Nd4 Kf6 30. Re1 Bf7 31. Kf2 Ra8 32. Nb5 Ra5 33. Nd6 Rxc5 34. Nxb7 Rc4 35. g3 d4 36. Nd6 Rc5 37. g4 fxg4 38. Ne4+ 1-0


[Site "https://www.chess.com"]

[Event "Titled Tuesday Blitz August 1 Early 2023"]
[White "Zeman, Matyas"]
[Black "brm72"]
[WhiteFideId "364398"]
[WhiteElo "2444"]
[BlackElo "2601"]
[Result "1-0"]
[Round "5"]
[TimeControl "180+1"]
[Date "2023.08.01"]
[WhiteClock "0:00:06"]
[BlackClock "0:00:06"]
[Board "112"]

1. d4 Nf6 2. Nf3 g6 3. Nbd2 d5 4. e3 Bg7 5. b4 O-O 6. c4 a5 7. b5 c6 8. a4 Re8 9. Bb2 Nbd7 10. bxc6 bxc6 11. cxd5 cxd5 12. Bb5 Ba6 13. O-O Bxb5 14. axb5 Qb6 15. Qa4 Reb8 16. Ba3 Qxb5 17. Bxe7 Ne4 18. Nxe4 dxe4 19. Nd2 Qd3 20. Rfd1 Nb6 21. Qc6 Re8 22. Bc5 Nc4 23. Nxc4 Qxc4 24. Rxa5 Rab8 25. Qa4 Qe2 26. Rf1 Rec8 27. Ra7 Bf8 28. Qd7 Qc4 29. d5 Qxf1+ 30. Kxf1 Rb1+ 31. Ke2 Rb2+ 32. Kd1 Kh8 33. Bd4+ Bg7 34. Bxg7+ Kxg7 35. Qxf7+ Kh6 36. Qf4+ g5 37. Qf6+ Kh5 38. Rxh7+ Kg4 39. h3# 1-0


[Site "https://www.chess.com"]

[Event "Titled Tuesday Blitz August 1 Early 2023"]
[White "Vaibhav Jayant Raut"]
[Black "Kayis, Gulcan Sena"]
[WhiteFideId "5089034"]
[BlackFideId "34553045"]
[WhiteElo "2599"]
[BlackElo "2443"]
[Result "1/2-1/2"]
[Round "5"]
[TimeControl "180+1"]
[Date "2023.08.01"]
[WhiteClock "0:00:03"]
[BlackClock "0:00:06"]
[Board "113"]

1. e4 e6 2. Qe2 c5 3. Nf3 Nc6 4. g3 d5 5. exd5 Qxd5 6. Nc3 Qd8 7. Bg2 Nf6 8. O-O Be7 9. Rd1 O-O 10. d4 cxd4 11. Nb5 Qb6 12. Nbxd4 Nxd4 13. Nxd4 Bc5 14. c3 Bd7 15. Bg5 Rfd8 16. Rd2 Be7 17. Rad1 Bc6 18. Nxc6 bxc6 19. Qc4 Rac8 20. Be3 Qc7 21. Qa4 c5 22. Bf4 Qb6 23. c4 h6 24. Be5 Rxd2 25. Rxd2 Qb4 26. Qxb4 cxb4 27. b3 Rd8 28. Rxd8+ Bxd8 29. Bb8 a5 30. c5 Ne8 31. Ba7 Nf6 32. Kf1 Kf8 33. Ke2 Ke7 34. Kd3 e5 35. Kc4 Nd7 36. c6 Nb6+ 37. Kb5 Nc8 38. Bc5+ Ke6 39. Ka6 f5 40. Bf1 Kd5 41. Bf8 g6 42. Kb7 Nd6+ 43. Kb8 h5 44. c7 Bxc7+ 45. Kxc7 Ne4 46. Bc4+ Kd4 47. f4 exf4 48. gxf4 Nf2 49. Kb6 Ng4 50. h4 Ne3 51. Bf7 Ng2 52. Bxg6 Nxf4 53. Bxf5 Ng2 54. Be7 Kc3 55. Kxa5 Kb2 56. Bxb4 Nxh4 57. Bg6 Nxg6 58. a4 Kxb3 59. Bd6 Kc4 60. Kb6 Kd5 61. Kc7 Kc4 62. a5 Kb5 63. Bb4 Ka6 64. Bc3 h4 65. Be1 h3 66. Bg3 Kxa5 67. Kd6 h2 68. Bxh2 1/2-1/2


[Site "https://www.chess.com"]

[Event "Titled Tuesday Blitz August 1 Early 2023"]
[White "GAO"]
[Black "Shukhman, Anna"]
[BlackFideId "54180058"]
[WhiteElo "2441"]
[BlackElo "2598"]
[Result "1/2-1/2"]
[Round "5"]
[TimeControl "180+1"]
[Date "2023.08.01"]
[WhiteClock "0:00:08"]
[BlackClock "0:00:09"]
[Board "114"]

1. Nf3 Nf6 2. d4 g6 3. Bg5 Bg7 4. Nbd2 d5 5. e3 O-O 6. Bd3 c6 7. O-O h6 8. Bh4 a5 9. e4 dxe4 10. Nxe4 Nxe4 11. Bxe4 Nd7 12. Re1 Nf6 13. Bd3 Be6 14. c3 Bd5 15. Ne5 b5 16. Qd2 Re8 17. a4 Qb6 18. Bxf6 exf6 19. Nd7 Qc7 20. Nc5 f5 21. axb5 cxb5 22. Bxb5 Reb8 23. c4 Bc6 24. Bxc6 Qxc6 25. Rxa5 Rxa5 26. Qxa5 Bxd4 27. b4 Bc3 28. Rb1 Ra8 29. Qb5 Qxb5 30. cxb5 Rb8 31. Rb3 Bd2 32. Kf1 Rxb5 33. Nd3 Kf8 34. Ke2 Bg5 35. Ra3 Be7 36. Ra8+ Kg7 37. Ra4 Kf6 38. Kd2 Ke6 39. Kc3 Kd5 40. Nf4+ Ke4 41. Nd3 Kd5 42. Ra5 Kc6 43. Ra6+ Kd7 44. Kc4 Rb8 45. Nc5+ Bxc5 46. bxc5 Rb2 47. c6+ Kc7 48. Ra7+ Kxc6 49. Rxf7 Rxf2 50. Rf6+ Kd7 51. Rxg6 Ke7 52. Kd4 Kf7 53. Rg3 f4 54. Rg4 f3 55. Rf4+ Kg6 56. Rxf3 Rxg2 57. h3 Kg5 58. Ke3 h5 59. Ke4 Kh4 60. Kf4 Rg8 61. Ke3 Re8+ 62. Kf2 Rg8 63. Ra3 Rg6 64. Rb3 Rg5 65. Ra3 Rf5+ 66. Kg2 Rf4 67. Rb3 Re4 68. Rb2 Kg5 69. Rb5+ Kf4 70. Rb2 h4 71. Rf2+ Ke3 72. Ra2 Rd4 73. Ra3+ Kf4 74. Ra2 Re4 75. Rb2 Re3 76. Rb4+ Kg5 77. Rb5+ Kf4 78. Rb4+ Kg5 79. Rb5+ Kf4 80. Rb4+ 1/2-1/2


[Site "https://www.chess.com"]

[Event "Titled Tuesday Blitz August 1 Early 2023"]
[White "vishwa_vijeta"]
[Black "Kirillov, Dmitry"]
[BlackFideId "34180572"]
[WhiteElo "2591"]
[BlackElo "2439"]
[Result "1-0"]
[Round "5"]
[TimeControl "180+1"]
[Date "2023.08.01"]
[WhiteClock "0:00:13"]
[BlackClock "0:00:07"]
[Board "115"]

1. e4 e5 2. Nf3 Nc6 3. d4 exd4 4. Bc4 Nf6 5. Ng5 d5 6. exd5 Qe7+ 7. Qe2 Qxe2+ 8. Kxe2 Ne5 9. Bb3 h6 10. Nf3 Nxf3 11. Kxf3 Bg4+ 12. Kg3 Bd6+ 13. Bf4 Bxf4+ 14. Kxf4 O-O-O 15. f3 Bh5 16. c4 Rhe8 17. Na3 Re2 18. g4 Bg6 19. Rad1 d3 20. h4 Rxb2 21. h5 Bh7 22. Nb5 a6 23. Nd4 Re8 24. Rhe1 Rxe1 25. Rxe1 Kb8 26. c5 Ka7 27. Rd1 Nd7 28. d6 cxd6 29. cxd6 Nc5 30. Bxf7 b5 31. Ne6 Nxe6+ 32. Bxe6 Kb6 33. d7 Kc7 34. g5 hxg5+ 35. Kxg5 Rc2 36. Bg4 Rc5+ 37. Kf4 Rc2 38. a3 Rc4+ 39. Ke3 Rc3 40. Kd4 Rc4+ 41. Ke3 Kd8 42. Rh1 Rc6 43. Kd2 Bg8 44. Re1 Bf7 45. Kxd3 Rd6+ 46. Kc3 Rc6+ 47. Kb4 Rd6 48. Kc5 Rd2 49. Re5 Rc2+ 50. Kb6 Rd2 51. Rg5 Rd6+ 52. Kc5 Rf6 53. Rxg7 Be6 54. Bxe6 Rxe6 55. Rf7 Re5+ 56. Kd6 Rxh5 57. Rf8# 1-0


[Site "https://www.chess.com"]

[Event "Titled Tuesday Blitz August 1 Early 2023"]
[White "Lana Rodriguez, David"]
[Black "Rozhkov, Viacheslav"]
[WhiteFideId "2270803"]
[BlackFideId "4181484"]
[WhiteElo "2587"]
[BlackElo "2439"]
[Result "1/2-1/2"]
[Round "5"]
[TimeControl "180+1"]
[Date "2023.08.01"]
[WhiteClock "0:00:45"]
[BlackClock "0:00:08"]
[Board "116"]

1. e4 c5 2. Nf3 Nc6 3. c3 Nf6 4. e5 Nd5 5. d4 cxd4 6. Bc4 Nb6 7. Bb3 d5 8. exd6 Qxd6 9. cxd4 Bf5 10. Nc3 e6 11. O-O Be7 12. d5 exd5 13. Nxd5 Nxd5 14. Qxd5 Qxd5 15. Bxd5 O-O 16. Be3 Bf6 17. Bxc6 bxc6 18. Bd4 Be7 19. Rac1 Rfc8 20. Bc5 Bf6 21. Bd4 Be7 22. Rfe1 Bb4 23. Bc3 Bd6 24. Nd4 Bg6 25. Ba5 Rab8 26. b3 c5 27. Nf3 h6 28. Red1 Bf8 29. Nd2 Rb5 30. Bc3 Rb6 31. Nc4 Re6 32. Re1 Rce8 33. Rxe6 Rxe6 34. Ne3 Be7 35. Re1 Bg5 36. Nd5 Rxe1+ 37. Bxe1 Bb1 38. Nc3 Bc2 39. g3 h5 40. Kf1 Bd3+ 41. Kg2 Kf8 42. Kf3 Ke7 43. Na4 Kd6 44. Bc3 g6 45. Ba5 Bb1 46. Nc3 Bd3 47. Kg2 Bf6 48. f4 Bd4 49. Kf3 f5 50. a3 Bxc3 51. Bxc3 Bc2 52. b4 cxb4 53. Bxb4+ Kd5 54. Ke3 Be4 55. Bc3 Bc2 56. Ba5 Be4 57. Kd2 Kc4 58. Bd8 Bd3 59. Be7 Be4 60. Ke3 Bd3 61. a4 a5 62. Bd8 Bc2 63. Bxa5 Bxa4 64. Kf3 Bc6+ 65. Ke3 Bb5 66. Be1 Bc6 67. Ba5 Be4 68. Bd8 Bd5 69. Bh4 Be4 70. Kd2 Bd5 71. Kc2 Kd4 72. Kd2 Ke4 73. Ke2 Bc4+ 74. Kf2 Bd3 75. Bf6 Bc4 76. Bc3 Bd3 77. Ba1 Bc4 78. Kg2 Bd3 79. Kh3 Bf1+ 80. Kh4 Bb5 81. Kg5 Be8 82. Kf6 Kf3 83. Ke7 Bb5 84. Bf6 Kg2 85. Kf7 Kxh2 86. Bh4 Be2 87. Kxg6 Bg4 88. Kg5 Kg2 89. Kg6 Kf3 90. Kf6 Ke3 91. Ke5 Kf3 92. Kd4 Ke2 93. Bg5 Bf3 94. Bh4 Bg4 1/2-1/2


[Site "https://www.chess.com"]

[Event "Titled Tuesday Blitz August 1 Early 2023"]
[White "Manukian, Artak"]
[Black "Sourath Biswas"]
[WhiteFideId "13301373"]
[BlackFideId "35091484"]
[WhiteElo "2436"]
[BlackElo "2587"]
[Result "1-0"]
[Round "5"]
[TimeControl "180+1"]
[Date "2023.08.01"]
[WhiteClock "0:00:41"]
[BlackClock "0:00:00"]
[Board "117"]

1. e4 c6 2. d4 d5 3. e5 Bf5 4. c4 e6 5. Nc3 Bb4 6. Qb3 Qb6 7. c5 Bxc3+ 8. bxc3 Qxb3 9. axb3 Nd7 10. b4 Ne7 11. b5 O-O 12. Nf3 b6 13. bxc6 Nxc6 14. Bb5 Rfc8 15. cxb6 Nxb6 16. O-O Ne7 17. Ba3 Ng6 18. Bc5 Nf8 19. Nh4 Be4 20. f3 Bc2 21. Rfc1 Bb3 22. Ba6 Rc7 23. Bd6 Rd7 24. Bb5 Rdd8 25. Rcb1 Bc4 26. Bc6 Rac8 27. Bb7 Bd3 28. Rc1 Rc4 29. Ba6 Rxd6 30. exd6 g5 31. Bxc4 Bxc4 32. Rxa7 gxh4 33. Rb1 Nbd7 34. Rbb7 Kg7 35. Rxd7 Nxd7 36. Rxd7 Kf6 37. f4 Bb5 38. Rb7 Bc6 39. Rc7 Ba4 40. Kf2 h5 41. Ke3 Bb5 42. Kd2 Ba4 43. Kc1 1-0


[Site "https://www.chess.com"]

[Event "Titled Tuesday Blitz August 1 Early 2023"]
[White "Stachanczyk, Jacek"]
[Black "Omorjan, Dejan"]
[WhiteFideId "1116657"]
[BlackFideId "955345"]
[WhiteElo "2435"]
[BlackElo "2584"]
[Result "0-1"]
[Round "5"]
[TimeControl "180+1"]
[Date "2023.08.01"]
[WhiteClock "0:00:06"]
[BlackClock "0:00:11"]
[Board "118"]

1. e4 c6 2. d4 d5 3. Nc3 dxe4 4. Nxe4 Nf6 5. Nxf6+ exf6 6. c3 Bd6 7. Bd3 O-O 8. Ne2 Re8 9. O-O Nd7 10. Bf4 Nf8 11. Bxd6 Qxd6 12. Ng3 Bd7 13. Qf3 Rad8 14. Rfe1 Ng6 15. Bxg6 hxg6 16. h4 Be6 17. b3 b5 18. h5 Qd5 19. Qxd5 Bxd5 20. hxg6 fxg6 21. f3 a5 22. Rac1 Kf7 23. Kf2 Rh8 24. Ne4 b4 25. c4 Bxe4 26. Rxe4 f5 27. Re5 Rxd4 28. Rxa5 Kf6 29. Re1 Kg5 30. Ra6 Rh2 31. Kg1 Rh8 32. Rxc6 Rd2 33. Rb6 Rxa2 34. Rxb4 Rd8 35. Kh2 Rh8+ 36. Kg1 Rd8 37. Ra4 Rb2 38. Kh2 Rh8+ 39. Kg1 Kf4 40. c5+ Kg3 0-1


[Site "https://www.chess.com"]

[Event "Titled Tuesday Blitz August 1 Early 2023"]
[White "Borgaonkar Akshay"]
[Black "Herman, Daniel"]
[WhiteFideId "25639110"]
[BlackFideId "30935008"]
[WhiteElo "2579"]
[BlackElo "2432"]
[Result "0-1"]
[Round "5"]
[TimeControl "180+1"]
[Date "2023.08.01"]
[WhiteClock "0:00:00"]
[BlackClock "0:00:20"]
[Board "119"]

1. d4 Nf6 2. Nc3 d5 3. Bf4 e6 4. Nb5 Na6 5. e3 Be7 6. Nf3 O-O 7. Ne5 c6 8. Nc3 c5 9. Bxa6 bxa6 10. Nc6 Qd7 11. Nxe7+ Qxe7 12. O-O Bd7 13. Qe2 cxd4 14. exd4 Qb4 15. Qe3 Qxb2 16. Qd3 Rfc8 17. Bd2 Bb5 18. Nxb5 Qxb5 19. Qg3 Ne4 20. Qf4 Rxc2 21. Be3 h6 22. Rab1 Qc6 23. f3 Nc3 24. Kh1 Nxb1 25. Rxb1 Rc8 26. h4 Qc4 27. Qg3 Qe2 28. Bxh6 g6 29. h5 Qd3 30. Rb7 Qf5 31. hxg6 Qh5+ 32. Kg1 Qxg6 33. Qxg6+ fxg6 34. Rxa7 Rxa2 35. Rg7+ Kh8 36. Rxg6 Kh7 37. Rxe6 Rcc2 38. Be3 Rxg2+ 39. Kh1 Rh2+ 40. Kg1 Rag2+ 41. Kf1 Ra2 42. Kg1 Rhb2 43. Re7+ Kg6 44. Rc7 Rb1+ 45. Bc1 Raa1 46. Rc6+ Kf5 47. Kf2 Rxc1 48. Rd6 Rc3 49. Kg3 Raa3 50. Rxd5+ Kf6 51. Rd6+ Ke7 52. Rh6 Rxf3+ 53. Kg4 Rf1 54. d5 Ra2 55. Kg3 Ra5 0-1


[Site "https://www.chess.com"]

[Event "Titled Tuesday Blitz August 1 Early 2023"]
[White "Guz, Ari"]
[Black "Vivas Zamora, Fabian Ernesto"]
[WhiteFideId "2825759"]
[BlackFideId "3902480"]
[WhiteElo "2576"]
[BlackElo "2432"]
[Result "1-0"]
[Round "5"]
[TimeControl "180+1"]
[Date "2023.08.01"]
[WhiteClock "0:00:49"]
[BlackClock "0:00:00"]
[Board "120"]

1. e4 c5 2. Nf3 d6 3. Bb5+ Bd7 4. Bxd7+ Nxd7 5. c4 Ngf6 6. Nc3 g6 7. O-O Bg7 8. d4 cxd4 9. Nxd4 O-O 10. b3 a6 11. Be3 Rc8 12. Rc1 Qa5 13. Qe2 Ne5 14. h3 Nfd7 15. Nd5 Rfe8 16. Rfd1 Nc6 17. Nf3 b5 18. cxb5 Qxb5 19. Qe1 Nf6 20. Nd4 Nxd4 21. Rxc8 Ne2+ 22. Kh1 Nxd5 23. Rxe8+ Qxe8 24. exd5 Nc3 25. Rd2 Qb5 26. Bd4 Nxd5 27. Bxg7 Kxg7 28. Kh2 e6 29. Qe4 Nf6 30. Qd4 d5 31. g4 h6 32. h4 Qb8+ 33. f4 g5 34. hxg5 hxg5 35. Re2 gxf4 36. Kg2 e5 37. Qxe5 Qxe5 38. Rxe5 Kg6 39. Kf3 a5 40. Kxf4 d4 41. Rxa5 Nd7 42. Rd5 1-0


[Site "https://www.chess.com"]